[ PARTIDA AOE2 · #494297629 ]
UnrankedVietnamitas vs Mongols
Equipo del jugador · DERR
Equipo rival · VICT
[ ANÁLISIS DE REPETICIÓN · EXTRAÍDO DE LA PARTIDA GRABADA ]
Feudal
11:11
Castillos
25:04
Imperial
—
| APM promedio | 55.7 |
| APM pico | 84 |
| eAPM promedio | 25.7 |
| Aldeanos / militares | 85 / 53 |
Foco
⚔️ 29.4% · 🌾 70.6%
Rattan Archer ×42 · Mangonel ×6 · Battering Ram ×5 · Trade Cart ×2
Feudal
8:07
Castillos
24:34
Imperial
43:24
| APM promedio | 52.9 |
| APM pico | 95 |
| eAPM promedio | 21.8 |
| Aldeanos / militares | 132 / 48 |
Foco
⚔️ 23.9% · 🌾 76.1%
Archer ×12 · Scorpion ×10 · Battering Ram ×10 · Mangudai ×7 · Militia ×4 · Mangonel ×3
Mapa de la partida
Recursos iniciales + cada clic de construcción. Líneas = muros · curvas = relieve. ◆ oro · ⬟ piedra · ● bayas · ✦ reliquia · ◌ hueco del cierre
Tu base· ✓ Cerrada en 25:04 · 64t muro · sin puerta
Base de Boom Voyage· Abierta — el rival se encerró
Terreno inicial suavizado · ◌ = hueco del cierre detectado · pasá el cursor para detalles
Inputs por minuto
— sloppy_steaks - - Boom Voyage
Build order — sloppy_steaks
Primeras 150 de 218 acciones detectadas
| 0:00 | Crear | Villager (Male) ×4 |
| 0:01 | Crear | Villager (Male) ×4 |
| 0:03 | Construir | House |
| 0:04 | Construir | House |
| 1:23 | Crear | Villager (Male) |
| 1:58 | Construir | Lumber Camp |
| 1:59 | Crear | Villager (Male) |
| 1:59 | Crear | Villager (Male) |
| 2:16 | Crear | Villager (Male) |
| 2:46 | Construir | House |
| 2:48 | Construir | House |
| 2:51 | Crear | Villager (Male) |
| 3:07 | Crear | Villager (Male) |
| 3:07 | Crear | Villager (Male) |
| 3:42 | Crear | Villager (Male) |
| 4:20 | Crear | Villager (Male) |
| 4:21 | Crear | Villager (Male) |
| 4:41 | Construir | Mill |
| 4:51 | Crear | Villager (Male) |
| 5:04 | Crear | Villager (Male) |
| 5:04 | Crear | Villager (Male) |
| 5:04 | Crear | Villager (Male) |
| 5:50 | Crear | Villager (Male) |
| 6:02 | Construir | Palisade Wall |
| 6:02 | Construir | Palisade Wall |
| 6:03 | Construir | Palisade Wall |
| 6:04 | Construir | Palisade Wall |
| 6:11 | Construir | Farm |
| 6:12 | Crear | Villager (Male) |
| 6:35 | Construir | Palisade Wall |
| 6:50 | Crear | Villager (Male) |
| 6:57 | Construir | Palisade Wall |
| 7:11 | Construir | Palisade Wall |
| 7:13 | Crear | Villager (Male) |
| 7:25 | Construir | House |
| 7:54 | Investigar | Loom |
| 7:54 | Investigar | Loom |
| 8:28 | Construir | Mill |
| 9:01 | Investigar | Feudal Age |
| 9:01 | Investigar | Feudal Age |
| 9:31 | Construir | Mining Camp |
| 9:37 | Construir | Palisade Wall |
| 9:52 | Construir | Palisade Wall |
| 9:55 | Construir | Palisade Wall |
| 10:11 | Construir | Palisade Wall |
| 10:30 | Construir | Palisade Wall |
| 10:31 | Construir | Palisade Wall |
| 10:32 | Construir | Palisade Wall |
| 10:33 | Construir | Palisade Wall |
| 10:33 | Construir | Palisade Wall |
| 10:34 | Construir | Palisade Wall |
| 10:46 | Construir | House |
| 10:48 | Construir | House |
| 10:52 | Construir | Palisade Wall |
| 10:54 | Construir | Palisade Wall |
| 11:00 | Construir | Palisade Wall |
| 11:11 | Edad | Edad Feudal |
| 11:13 | Construir | Palisade Wall |
| 11:17 | Construir | House |
| 11:17 | Crear | Villager (Male) |
| 11:18 | Crear | Villager (Male) |
| 11:39 | Crear | Villager (Male) |
| 11:40 | Construir | Farm |
| 11:42 | Construir | Farm |
| 11:52 | Construir | Watch Tower |
| 12:00 | Construir | Watch Tower |
| 12:01 | Crear | Villager (Male) |
| 12:11 | Crear | Villager (Male) |
| 12:14 | Construir | Farm |
| 12:19 | Investigar | Double-Bit Axe |
| 12:19 | Investigar | Double-Bit Axe |
| 12:27 | Crear | Villager (Male) |
| 12:46 | Crear | Villager (Male) |
| 12:50 | Construir | Farm |
| 13:05 | Crear | Villager (Male) |
| 13:12 | Construir | Mining Camp |
| 13:23 | Crear | Villager (Male) |
| 13:35 | Construir | Farm |
| 14:08 | Crear | Villager (Male) |
| 14:14 | Construir | House |
| 14:42 | Construir | Farm |
| 14:51 | Construir | Farm |
| 15:09 | Construir | Farm |
| 15:32 | Crear | Villager (Male) |
| 15:37 | Construir | Farm |
| 15:41 | Construir | Farm |
| 16:01 | Construir | Farm |
| 16:02 | Crear | Villager (Male) |
| 16:08 | Construir | Farm |
| 16:29 | Construir | Palisade Wall |
| 16:40 | Crear | Villager (Male) |
| 16:51 | Construir | House |
| 17:03 | Construir | House |
| 17:11 | Construir | Watch Tower |
| 17:14 | Construir | House |
| 17:22 | Construir | Watch Tower |
| 17:34 | Crear | Villager (Male) |
| 18:09 | Construir | House |
| 18:22 | Crear | Villager (Male) |
| 18:22 | Crear | Villager (Male) |
| 19:00 | Construir | Watch Tower |
| 19:05 | Crear | Villager (Male) |
| 19:47 | Crear | Villager (Male) |
| 19:50 | Construir | Market |
| 20:36 | Crear | Villager (Male) |
| 21:05 | Construir | Mill |
| 21:06 | Crear | Villager (Male) |
| 21:48 | Crear | Villager (Male) |
| 21:48 | Crear | Villager (Male) |
| 21:49 | Crear | Villager (Male) |
| 21:49 | Crear | Villager (Male) |
| 22:02 | Construir | Blacksmith |
| 22:24 | Investigar | Castle Age |
| 22:24 | Investigar | Castle Age |
| 22:58 | Investigar | Fletching |
| 22:58 | Investigar | Fletching |
| 25:04 | Edad | Edad de los Castillos |
| 25:17 | Construir | Castle |
| 25:21 | Crear | Villager (Male) |
| 25:21 | Crear | Villager (Male) |
| 25:24 | Investigar | Bodkin Arrow |
| 25:28 | Investigar | Bow Saw |
| 26:08 | Crear | Villager (Male) |
| 26:09 | Crear | Villager (Male) |
| 26:17 | Construir | Town Center |
| 26:41 | Crear | Trade Cart |
| 26:42 | Crear | Rattan Archer |
| 26:43 | Crear | Rattan Archer |
| 27:03 | Crear | Villager (Male) |
| 27:39 | Construir | Town Center |
| 27:43 | Crear | Rattan Archer |
| 27:49 | Investigar | Bodkin Arrow |
| 28:01 | Crear | Villager (Male) |
| 28:28 | Crear | Villager (Male) |
| 28:40 | Crear | Rattan Archer |
| 28:56 | Crear | Rattan Archer ×2 |
| 29:36 | Crear | Rattan Archer ×5 |
| 29:45 | Crear | Villager (Male) ×3 |
| 30:13 | Crear | Trade Cart |
| 30:34 | Construir | Siege Workshop |
| 30:38 | Crear | Villager (Male) |
| 30:38 | Crear | Villager (Male) |
| 30:43 | Crear | Rattan Archer ×2 |
| 31:05 | Crear | Mangonel |
| 31:33 | Construir | Mill |
| 31:39 | Crear | Villager (Male) |
| 31:39 | Crear | Villager (Male) |
| 31:42 | Construir | House |
| 31:42 | Construir | House |
| 31:42 | Construir | House |
Build order — Boom Voyage
Primeras 150 de 260 acciones detectadas
| 0:01 | Crear | Villager (Male) |
| 0:02 | Construir | House |
| 0:05 | Construir | House |
| 0:21 | Crear | Villager (Male) ×3 |
| 1:36 | Crear | Villager (Male) |
| 1:58 | Crear | Villager (Male) |
| 2:19 | Crear | Villager (Male) |
| 2:21 | Construir | Mill |
| 2:48 | Crear | Villager (Male) |
| 3:08 | Crear | Villager (Male) |
| 3:35 | Crear | Villager (Male) |
| 3:46 | Crear | Villager (Male) |
| 3:52 | Construir | House |
| 3:59 | Crear | Villager (Male) |
| 4:35 | Crear | Villager (Male) |
| 4:40 | Construir | Lumber Camp |
| 5:16 | Crear | Villager (Male) |
| 5:57 | Investigar | Feudal Age |
| 7:06 | Construir | Barracks |
| 7:26 | Construir | Mining Camp |
| 7:40 | Crear | Militia |
| 7:40 | Crear | Militia |
| 7:40 | Crear | Militia |
| 8:04 | Construir | House |
| 8:07 | Edad | Edad Feudal |
| 8:07 | Investigar | Loom |
| 8:13 | Investigar | Double-Bit Axe |
| 8:35 | Crear | Villager (Male) |
| 8:39 | Construir | House |
| 8:57 | Crear | Militia |
| 9:05 | Crear | Villager (Male) |
| 9:07 | Construir | Archery Range |
| 9:14 | Crear | Villager (Male) |
| 9:23 | Investigar | Man-at-Arms (upgrade) |
| 9:43 | Construir | Mining Camp |
| 9:45 | Crear | Villager (Male) |
| 9:50 | Crear | Villager (Male) |
| 10:01 | Construir | House |
| 10:18 | Crear | Archer |
| 10:32 | Construir | House |
| 10:34 | Crear | Villager (Male) |
| 10:53 | Crear | Villager (Male) |
| 11:08 | Construir | House |
| 11:09 | Construir | Palisade Wall |
| 11:11 | Crear | Villager (Male) |
| 11:13 | Crear | Archer |
| 11:32 | Construir | Farm |
| 11:50 | Construir | Watch Tower |
| 11:52 | Crear | Archer |
| 11:54 | Crear | Villager (Male) |
| 12:13 | Crear | Archer |
| 12:17 | Construir | House |
| 12:32 | Crear | Villager (Male) |
| 12:56 | Crear | Villager (Male) |
| 13:07 | Construir | Farm |
| 13:17 | Crear | Villager (Male) |
| 13:19 | Construir | House |
| 13:24 | Construir | Outpost |
| 13:42 | Construir | Watch Tower |
| 13:48 | Crear | Villager (Male) |
| 14:01 | Crear | Archer |
| 14:04 | Construir | Farm |
| 14:17 | Construir | House |
| 14:18 | Crear | Villager (Male) |
| 14:25 | Construir | Farm |
| 14:29 | Construir | Mill |
| 14:52 | Construir | House |
| 14:57 | Crear | Archer |
| 15:07 | Construir | Watch Tower |
| 15:22 | Crear | Villager (Male) |
| 15:25 | Construir | Market |
| 15:33 | Construir | Blacksmith |
| 15:39 | Crear | Archer |
| 15:45 | Construir | Farm |
| 15:46 | Crear | Villager (Male) |
| 16:10 | Construir | Farm |
| 16:11 | Crear | Villager (Male) |
| 16:24 | Construir | House |
| 16:30 | Crear | Villager (Male) |
| 16:52 | Construir | Watch Tower |
| 17:36 | Crear | Archer |
| 17:36 | Crear | Archer |
| 17:52 | Construir | Outpost |
| 17:56 | Crear | Villager (Male) |
| 17:56 | Crear | Villager (Male) |
| 18:02 | Crear | Villager (Male) |
| 18:08 | Construir | Palisade Wall |
| 18:56 | Construir | Watch Tower |
| 19:07 | Investigar | Fletching |
| 19:10 | Construir | House |
| 19:14 | Crear | Villager (Male) |
| 19:14 | Crear | Villager (Male) |
| 19:38 | Crear | Archer |
| 19:41 | Crear | Villager (Male) |
| 19:42 | Construir | Farm |
| 20:12 | Crear | Villager (Male) |
| 20:19 | Construir | House |
| 20:25 | Construir | Farm |
| 20:32 | Construir | Lumber Camp |
| 20:52 | Construir | House |
| 21:00 | Construir | Market |
| 21:04 | Crear | Villager (Male) |
| 21:23 | Crear | Villager (Male) |
| 21:23 | Crear | Villager (Male) |
| 21:47 | Investigar | Castle Age |
| 22:18 | Construir | Farm |
| 22:51 | Investigar | Stone Mining |
| 22:53 | Investigar | Gold Mining |
| 22:56 | Construir | Lumber Camp |
| 23:04 | Construir | Farm |
| 23:07 | Investigar | Horse Collar |
| 23:46 | Construir | Watch Tower |
| 24:32 | Crear | Villager (Male) ×5 |
| 24:34 | Edad | Edad de los Castillos |
| 24:38 | Construir | Siege Workshop |
| 24:43 | Construir | Siege Workshop |
| 24:49 | Construir | Town Center |
| 25:04 | Construir | Farm |
| 25:12 | Crear | Mangonel |
| 25:21 | Construir | Mill |
| 25:31 | Investigar | Bodkin Arrow |
| 25:33 | Construir | Farm |
| 25:53 | Investigar | Crossbowman (upgrade) |
| 26:11 | Crear | Villager (Male) |
| 26:31 | Construir | Farm |
| 26:43 | Crear | Mangonel |
| 26:52 | Crear | Villager (Male) |
| 26:57 | Crear | Villager (Male) ×3 |
| 27:28 | Crear | Villager (Male) ×3 |
| 27:33 | Construir | Town Center |
| 27:50 | Crear | Villager (Male) |
| 27:53 | Construir | Farm |
| 27:54 | Construir | Farm |
| 27:55 | Construir | Farm |
| 27:56 | Construir | Farm |
| 28:05 | Crear | Mangonel |
| 28:23 | Construir | Outpost |
| 28:26 | Investigar | Town Watch |
| 28:36 | Crear | Archer |
| 28:37 | Crear | Villager (Male) ×2 |
| 28:55 | Construir | Monastery |
| 29:10 | Crear | Villager (Male) ×2 |
| 29:27 | Crear | Battering Ram |
| 29:28 | Crear | Villager (Male) ×2 |
| 29:38 | Crear | Villager (Male) |
| 29:48 | Crear | Monk |
| 29:49 | Crear | Villager (Male) ×2 |
| 29:57 | Construir | Castle |
| 30:18 | Construir | Farm |
| 30:19 | Construir | Farm |
Cronología de la partida
| 6:02 | sloppy_steaks · wall_segment Palisade Wall x1 |
| 6:02 | sloppy_steaks · wall_segment Palisade Wall x1 |
| 6:03 | sloppy_steaks · wall_segment Palisade Wall x1 |
| 6:04 | sloppy_steaks · wall_segment Palisade Wall x1 |
| 6:35 | sloppy_steaks · wall_segment Palisade Wall x13 |
| 6:57 | sloppy_steaks · wall_segment Palisade Wall x9 |
| 7:06 | Boom Voyage · first_building Barracks |
| 7:11 | sloppy_steaks · wall_segment Palisade Wall x23 |
| 8:07 | Boom Voyage · age_up feudal |
| 9:07 | Boom Voyage · first_building Archery Range |
| 9:37 | sloppy_steaks · wall_segment Palisade Wall x1 |
| 9:52 | sloppy_steaks · wall_segment Palisade Wall x1 |
| 9:55 | sloppy_steaks · wall_segment Palisade Wall x1 |
| 10:11 | sloppy_steaks · wall_segment Palisade Wall x1 |
| 10:30 | sloppy_steaks · wall_segment Palisade Wall x1 |
| 10:31 | sloppy_steaks · wall_segment Palisade Wall x1 |
| 10:32 | sloppy_steaks · wall_segment Palisade Wall x1 |
| 10:33 | sloppy_steaks · wall_segment Palisade Wall x2 |
| 10:33 | sloppy_steaks · wall_segment Palisade Wall x1 |
| 10:34 | sloppy_steaks · wall_segment Palisade Wall x1 |
| 10:52 | sloppy_steaks · wall_segment Palisade Wall x1 |
| 10:54 | sloppy_steaks · wall_segment Palisade Wall x1 |
| 11:00 | sloppy_steaks · wall_segment Palisade Wall x1 |
| 11:09 | Boom Voyage · wall_segment Palisade Wall x1 |
| 11:11 | sloppy_steaks · age_up feudal |
| 11:13 | sloppy_steaks · wall_segment Palisade Wall x1 |
| 16:29 | sloppy_steaks · wall_segment Palisade Wall x1 |
| 18:08 | Boom Voyage · wall_segment Palisade Wall x9 |
| 21:11 | sloppy_steaks · first_market_buy 500 food |
| 21:40 | Boom Voyage · first_market_buy 500 food |
| 21:41 | Boom Voyage · first_market_sell 500 wood |
| 24:34 | Boom Voyage · age_up castle |
| 24:38 | Boom Voyage · first_building Siege Workshop |
| 25:04 | sloppy_steaks · age_up castle |
| 25:17 | sloppy_steaks · first_building Castle |
| 27:16 | sloppy_steaks · first_market_sell 100 stone |
| 28:55 | Boom Voyage · first_building Monastery |
| 29:57 | Boom Voyage · first_building Castle |
| 30:34 | sloppy_steaks · first_building Siege Workshop |
| 43:24 | Boom Voyage · age_up imperial |
| 43:34 | sloppy_steaks · resign |
[ ANÁLISIS IA · 1 CRÉDITO ]
¿Qué pasó realmente en esta partida?
Wolo.gg analiza cada decisión: build order, eco, micro, errores típicos por bracket. Análisis personalizado por WhatsApp o Discord en 30 segundos.
Guía civ
Vietnamitas
Perfil
sloppy_steaks